 Dungeon Crawl Stone Soup version 0.30-a0-830-gfe289a77b0 (webtiles) character file.

Game seed: 4273076866738858501

9721 zenocrate the Martial Artist (level 11, -2/68 HPs)
             Began as an Octopode Transmuter on Mar 1, 2023.
             Was a Priest of Makhleb.
             Slain by a wolf (4 damage)
             ... on level 2 of the Lair of Beasts.
             The game lasted 00:12:32 (8580 turns).

zenocrate the Martial Artist (Octopode Transmuter)  Turns: 8580, Time: 00:12:33

Health: -2/68      AC:  9    Str: 15    XL:     11   Next: 50%
Magic:  20/23      EV: 19    Int: 21    God:    Makhleb [***...]
Gold:   671        SH:  0    Dex: 12    Spells: 3/14 levels left

rFire   . . .      SeeInvis .      - Unarmed
rCold   . . .      Faith    .    (no shield)
rNeg    . . .      Spirit   .    (helmet restricted)
rPois   .          Reflect  .    h - amulet of regeneration
rElec   .          Harm     .    j - ring of resist corrosion
rCorr   +          Rampage  .    s - +5 ring of evasion
Will    .....                    r - +6 ring of strength
Stlth   +++                      t - +4 ring of protection
HPRegen 1.11/turn                y - ring of magical power
MPRegen 0.18/turn                a - +4 ring of protection
                                 (no ring)
                                 (no ring)

@: no status effects
A: almost no armour, amphibious, 8 rings, camouflage 1, gelatinous body 1,
(nimble swimmer 1), tentacles
a: Renounce Religion, Minor Destruction, Lesser Servant of Makhleb


You were on level 2 of the Lair of Beasts.
You worshipped Makhleb.
Makhleb was most pleased with you.
You visited 3 branches of the dungeon, and saw 11 of its levels.

You collected 671 gold pieces.

Inventory:

Missiles
 C - 8 boomerangs
 D - 48 poisoned darts (quivered)
 E - 5 silver boomerangs
 F - 2 curare-tipped darts
Jewellery
 a - a +4 ring of protection (on tentacle)
 h - an amulet of regeneration (around mantle)
 j - a ring of resist corrosion (left tentacle)
 r - a +6 ring of strength (on tentacle)
 s - a +5 ring of evasion (right tentacle)
 t - a +4 ring of protection (on tentacle)
 y - a ring of magical power (on tentacle)
Scrolls
 c - 2 scrolls of magic mapping
 i - 2 scrolls of teleportation {unknown}
 l - a scroll of noise {unknown}
 n - 2 scrolls of fear {unknown}
 p - a scroll of summoning {unknown}
 u - 2 scrolls of amnesia {unknown}
 x - a scroll of enchant armour {unknown}
 A - a scroll of blinking {unknown}
 G - a scroll of brand weapon {unknown}
Potions
 b - 6 potions of brilliance
 d - 2 potions of ambrosia
 e - 2 potions of resistance
 f - 2 potions of degeneration {unknown}
 g - 2 potions of heal wounds {unknown}
 k - a potion of invisibility {unknown}
 m - 7 potions of curing {unknown}
 q - 3 potions of might {unknown}
 w - a potion of berserk rage {unknown}
 z - a potion of magic {unknown}
 B - a potion of cancellation
 H - a potion of lignification


   Skills:
 + Level 3.9 Fighting
 - Level 3.0 Throwing
 + Level 4.3 Dodging
 - Level 1.4 Stealth
 * Level 10.8 Unarmed Combat
 - Level 2.0 Spellcasting
 + Level 10.3 Transmutations
 - Level 5.8 Ice Magic
 + Level 3.6 Earth Magic
 + Level 4.0 Invocations


You had 3 spell levels left.
You knew the following spells:

 Your Spells              Type           Power      Damage    Failure   Level
a - Wereblood             Tmut           45%        N/A       1%          2
b - Ice Form              Ice/Tmut       35%        N/A       5%          4
d - Beastly Appendage     Tmut           90%        N/A       1%          1
x - Passage of Golubria   Tloc           2%         N/A       82%         4

Your spell library contained the following spells:

 Spells                   Type           Power      Damage    Failure   Level
 Spider Form              Tmut/Pois      23%        N/A       5%          3
 Call Imp                 Summ           2%         N/A       22%         2
 Cigotuvi's Dreadful Rot  Necr/Pois/Air  4%         N/A       22%         2
 Gell's Gravitas          Tloc           2%         N/A       41%         3
 Teleport Other           Tloc           2%         N/A       41%         3
 Tukima's Dance           Hex            2%         N/A       41%         3
 Petrify                  Tmut/Erth      31%        N/A       9%          4
 Summon Ice Beast         Ice/Summ       14%        N/A       41%         4
 Yara's Violent Unravell  Hex/Tmut       11%        3d6       45%         5
 Leda's Liquefaction      Hex/Erth       4%         N/A       56%         4
 Lee's Rapid Deconstruct  Erth           8%         3d7*      65%         5
 Metabolic Englaciation   Hex/Ice        7%         N/A       77%         5
 Statue Form              Tmut/Erth      20%        N/A       78%         6
 Dispel Undead            Necr           2%         3d7       82%         4
 Summon Lightning Spire   Summ/Air       2%         N/A       82%         4
 Death Channel            Necr           1%         N/A       100%        6
 Dispersal                Tloc           1%         N/A       100%        6
 Storm Form               Tmut/Air       11%        N/A       100%        7
 Discord                  Hex            1%         N/A       100%        8
 Maxwell's Capacitive Co  Air            1%         ∞         100%        8


Dungeon Overview and Level Annotations

Branches:
Dungeon (8/15)             Temple (1/1) D:5            Lair (2/5) D:8
  Swamp: Lair:2-3    Shoals: Lair:2-3     Snake: Lair:2-3    Spider: Lair:2-3

Altars:
Ashenzari
Cheibriados
Elyvilon
Fedhas
Gozag
Hepliaklqana
Kikubaaqudgha
Makhleb
Nemelex Xobeh
Qazlal
Ru
Sif Muna
Trog
Uskayaw
Vehumet
Wu Jian
Xom
Yredelemnul
Zin
The Shining One


Innate Abilities, Weirdness & Mutations

You cannot wear most types of armour.
You are amphibious.
You can wear up to eight rings at the same time.
Your skin changes colour to match your surroundings (Stealth+).
Your rubbery body absorbs attacks. (AC +1, EV +1)
((You are camouflaged when in or above water. (Stealth+)))
You have tentacles for arms and can constrict up to eight enemies at once.


Message History

The wolf barely misses you. x2; The wolf completely misses you.
The blink frog closely misses you.
You barely miss the blink frog.
The blink frog is moderately wounded.
The wolf completely misses you. The wolf bites you.
* * * LOW HITPOINT WARNING * * *
The wolf completely misses you. x2; The wolf bites you but does no damage.
Your ynoxinul hits the wolf.
The blink frog blinks!
You pummel the wolf!! You freeze the wolf!
You feel a bit better.
You kill the wolf!
Makhleb accepts your kill. The wolf bites you.
* * * LOW HITPOINT WARNING * * *
The wolf bites you.
* * * LOW HITPOINT WARNING * * *
The wolf bites you.
* * * LOW HITPOINT WARNING * * *
Your ynoxinul gestures.
You barely miss the wolf.
The wolf is moderately wounded.
The wolf bites you!
* * * LOW HITPOINT WARNING * * *
The wolf bites you but does no damage. The wolf bites you.
* * * LOW HITPOINT WARNING * * *
The wolf bites you but does no damage.
Your ufetubus hits the wolf but does no damage.
Your ufetubus closely misses the wolf.
The wolf closely misses you. The wolf bites your ufetubus!
Your ufetubus dies!
Your ufetubus disappears in a puff of smoke!
The wolf howls!
It was a potion of cancellation.
Your magical effects are unravelling.
You feel magically purged.
You warm up again.
Your primal bloodlust has ended.
The wolf bites you.
* * * LOW HITPOINT WARNING * * *
The wolf misses you.
The blink frog blinks!
Your ynoxinul hits the wolf! The wolf closely misses you. The wolf bites you.
You die...

....†........[...
.................... ...
........................
...................#..##
#....#.P...#......#.....
.....####..##.........
#......P#.#.##..F....
.....P.....#.#§hhh#
#......#.......5@3#
#..... #.#..#.§.§†# ..
#######F.......... .
#......PPP..#
...............
................
#..#P#P##P###P#..
########### ## #


You could see a cane toad, a blink frog, 3 wolves, a friendly ynoxinul
(summoned) and a friendly ufetubus (summoned).

Vanquished Creatures
  A hydra (Lair:2)
  An oklob plant (Lair:1)
  2 black mambas (Lair:1)
  2 cane toads (Lair:1)
  2 komodo dragons (Lair:1)
  7 blink frogs
  Prince Ribbit (D:5)
  Sigmund (D:5)
  A wyvern (D:7)
  12 yaks
  Menkaure (D:4)
  4 water moccasins
  An orc warrior (D:6)
  2 sky beasts
  An ice beast (D:5)
  A centaur (D:7)
  7 wolves (Lair:2)
  2 phantoms
  5 kobold brigands
  5 bullfrogs
  A necrophage (D:5)
  5 scorpions
  5 howler monkeys
  2 jellies
  6 orc priests
  A hound (D:4)
  6 orc wizards
  A mummy (D:7)
  8 adders
  2 shadow imps
  A white imp (D:6)
  3 worms
  3 dart slugs
  34 orcs
  5 ball pythons
  6 endoplasms
  2 giant cockroaches
  3 goblins (D:4)
  4 hobgoblins
  3 jackals (D:4)
  22 kobolds
  6 quokkas
  8 bats
  4 frilled lizards
  5 rats
  A rat zombie (D:4)
  A spectral goblin (D:3)
  A bush (Lair:1)
208 creatures vanquished.

Vanquished Creatures (others)
  An orc wizard (D:6)
  A kobold (D:7)
  A fungus (Lair:1)
  4 plants
7 creatures vanquished.

Grand Total: 215 creatures vanquished

Notes
Turn   | Place    | Note
-------+----------+-------------------------------------------
     0 | D:1      | zenocrate the Octopode Transmuter began the quest for the
                  | Orb.
     0 | D:1      | Reached XP level 1. HP: 13/13 MP: 3/3
   106 | D:1      | Reached skill level 1 in Stealth
   189 | D:1      | Reached XP level 2. HP: 15/18 MP: 3/5
   192 | D:1      | Learned a level 2 spell: Wereblood
   869 | D:2      | Reached XP level 3. HP: 16/23 MP: 4/6
  1044 | D:2      | Reached skill level 1 in Ice Magic
  1564 | D:2      | Found a blossoming altar of Fedhas.
  2237 | D:3      | Found a faded altar of an unknown god.
  2285 | D:3      | Found an ornate altar of the Wu Jian Council.
  2866 | D:4      | Reached XP level 4. HP: 28/28 MP: 3/7
  2878 | D:4      | Learned a level 4 spell: Ice Form
  3043 | D:4      | Noticed a scorpion
  3047 | D:4      | Reached XP level 5. HP: 28/33 MP: 8/8
  3194 | D:4      | Noticed Menkaure
  3211 | D:4      | Killed Menkaure
  3212 | D:4      | Reached XP level 6. HP: 31/38 MP: 9/9
  3295 | D:4      | Reached skill level 5 in Unarmed Combat
  3295 | D:4      | Reached XP level 7. HP: 41/43 MP: 10/10
  3324 | D:4      | Found a sand-covered staircase.
  3583 | D:5      | Entered Level 5 of the Dungeon
  3633 | D:5      | Found a staircase to the Ecumenical Temple.
  3640 | Temple   | Entered the Ecumenical Temple
  3685 | Temple   | Became a worshipper of Makhleb the Destroyer
  3754 | D:5      | Reached skill level 5 in Transmutations
  3779 | D:5      | Noticed Sigmund
  3795 | D:5      | Killed Sigmund
  3796 | D:5      | Reached XP level 8. HP: 43/48 MP: 11/11
  4020 | D:5      | Reached skill level 5 in Ice Magic
  4254 | D:5      | Found a shimmering blue altar of Sif Muna.
  4261 | D:5      | Got the Monograph on Ensorcelling and the Commander
  4391 | D:5      | Noticed Prince Ribbit
  4405 | D:5      | Killed Prince Ribbit
  4660 | D:5      | Learned a level 4 spell: Passage of Golubria
  4819 | D:6      | Reached XP level 9. HP: 53/53 MP: 12/12
  4914 | D:6      | Reached * piety under Makhleb
  5315 | D:6      | Found a white marble altar of Elyvilon.
  6075 | D:7      | Found a basalt altar of Yredelemnul.
  6137 | D:7      | Reached ** piety under Makhleb
  6163 | D:7      | Reached XP level 10. HP: 38/58 MP: 13/13
  6390 | D:7      | Found a snail-covered altar of Cheibriados.
  6621 | D:8      | Found a staircase to the Lair.
  7317 | Lair:1   | Entered Level 1 of the Lair of Beasts
  7340 | Lair:1   | Noticed an oklob plant
  7480 | Lair:1   | Killed an oklob plant
  7564 | Lair:1   | Reached skill level 1 in Throwing
  7564 | Lair:1   | Reached skill level 1 in Earth Magic
  7564 | Lair:1   | Reached skill level 1 in Invocations
  7716 | Lair:1   | Noticed a cane toad
  7801 | Lair:1   | Noticed a cane toad
  7805 | Lair:1   | Noticed a black mamba
  7806 | Lair:1   | Reached skill level 10 in Unarmed Combat
  7810 | Lair:1   | Killed a cane toad
  7812 | Lair:1   | Killed a black mamba
  7844 | Lair:1   | Reached *** piety under Makhleb
  7845 | Lair:1   | Reached skill level 10 in Transmutations
  7845 | Lair:1   | Reached XP level 11. HP: 62/67 MP: 14/14
  8110 | Lair:1   | You fall into a shaft and drop 1 floor!
  8556 | Lair:2   | Noticed a seven-headed hydra
  8568 | Lair:2   | Killed a seven-headed hydra
  8579 | Lair:2   | HP: 4/81 [wolf (2)]
  8580 | Lair:2   | Slain by a wolf

Illustrated notes

Levels and vault maps discovered:
D:1:      amcnicky_arrival_blooded_trapdoor, layout_loops_ring,
          columned_hall_lemuel
D:2:      layout_basic, basic_altar, serial_co_window_serial, co_window_paths_b,
          co_window_paths_b, co_window_corner_a, co_window_of_opportunity_a,
          co_window_paths_b, co_window_unsneaky_path_e, co_window_broadway_c,
          co_window_broadway_b, co_window_of_opportunity_c, co_window_paths_e,
          glass_columns_a, glass_columns_a, glass_columns_a, glass_columns_a
D:3:      layout_basic, nicolae_overflow_hidden_temple, serial_forest,
          infiniplex_forest_diagonal, infiniplex_forest_corner_1,
          infiniplex_forest_lined_room_2, infiniplex_forest_lined_2,
          infiniplex_forest_zigzag_1, infiniplex_forest_zigzag_2,
          infiniplex_forest_straight_2, infiniplex_forest_split,
          dreamdust_ecumenical_altar_drowned_temple
D:4:      layout_cave_pools, enter_ossuary_3, uniq_menkaure
D:5:      layout_basic, kennysheep_mini, minmay_temple_entry_hall,
          uniq_prince_ribbit1, uniq_sigmund
D:6:      layout_loops_corners, mainiacjoe_overflow_cross_hatched,
          serial_co_window_serial, co_window_corner_a,
          co_window_of_opportunity_a, co_window_paths_a, co_window_corner_a,
          co_window_paths_b, co_window_corner_ca, co_window_of_opportunity_c,
          co_window_unsneaky_path_d, co_window_broadway_b, co_window_paths_d,
          glass_columns_c, glass_columns_a, glass_columns_b
D:7:      layout_cave_pools, slow_altar_1, kennysheep_little_box
D:8:      layout_loops_ring, lair_entry_dummy, minivault_25
Temple:   hellmonk_temple_of_storms
Lair:1:   layout_misc_corridors, minmay_lair_oklob_bushes, grunt_megastairs_4,
          infiniplex_staircase_pool_2
Lair:2:   layout_regular_city

Skill      XL: |  1  2  3  4  5  6  7  8  9 10 11 |
---------------+----------------------------------+-----
Stealth        | 1 |  1.4
Ice Magic      | 1 2 3 4 5 |  5.8
Transmutations | 3 4 5 6 9 10 | 10.3
Unarmed Combat | 4 5 7 9 10 | 10.8
Throwing       | 2 3 |  3.0
Earth Magic    | 2 3 |  3.6
Invocations    | 2 4 |  4.0
Fighting       | 3 |  3.9
Dodging        | 3 4 |  4.3
Spellcasting   | |  2.0

Action                     |  1- 3 |  4- 6 |  7- 9 | 10-12 || total
---------------------------+-------+-------+-------+-------++-------
  Melee: Unarmed           |    77 |    62 |   184 |   201 ||   524
         Constrict         |    23 |    22 |    27 |       ||    72
         Kick              |    22 |    20 |    41 |       ||    83
         Punch             |     4 |     2 |     8 |     2 ||    16
         Tentacles         |    18 |    14 |    23 |     4 ||    59
   Cast: Beastly Appendage |    32 |     8 |    16 |       ||    56
         Wereblood         |    15 |     7 |    22 |    17 ||    61
         Ice Form          |       |       |     5 |    14 ||    19
 Invoke: Lesser Servant of |       |       |       |     1 ||     1
    Use: Potion            |       |     1 |       |     1 ||     2
         Scroll            |       |       |     2 |     3 ||     5
   Stab: Sleeping          |     9 |     1 |     1 |       ||    11
 Armour: Skin              |     5 |    11 |    99 |    95 ||   210
  Dodge: Dodged            |    37 |    70 |   199 |   183 ||   489

Table legend: (Time is in decaauts)
 A = Elapsed time spent in this place.
 B = Non-inter-level travel time spent in this place.
 C = Inter-level travel time spent in this place.
 D = Time resting spent in this place.
 E = Time spent auto-exploring this place.
 F = Levels seen in this place.
 G = Mean time per level.
                   A        B        C        D        E       F      G
               +--------+--------+--------+--------+--------+-----+--------+
         Total |   8507 |   8008 |    499 |    131 |   6514 |  11 |  773.4 |
       Dungeon |   7209 |   6813 |    396 |     31 |   5713 |   8 |  901.1 |
        Temple |     63 |     35 |     28 |      0 |     22 |   1 |   63.0 |
          Lair |   1233 |   1158 |     75 |    100 |    779 |   2 |  616.5 |
               +--------+--------+--------+--------+--------+-----+--------+

Top non-repeatable levels by time:
     D:6: 1316 daAuts
     D:3: 1138 daAuts
     D:2: 1017 daAuts
  Lair:1: 961 daAuts
     D:5: 886 daAuts
     D:4: 811 daAuts
     D:1: 744 daAuts
     D:8: 696 daAuts
     D:7: 598 daAuts
  Lair:2: 271 daAuts
  Temple: 63 daAuts
